 Dungeon Crawl Stone Soup version 0.27-a0-463-gec7707c53d (webtiles) character file.

Game seed: 14004756993878660621

564 jasper the Scholar of Death (level 7, -8/46 HPs)
             Began as a Demonspawn Necromancer on Feb 28, 2021.
             Was a Follower of Kikubaaqudgha.
             Killed by divine providence
             ... invoked by an orc priest
              (10 damage)
             ... on level 4 of the Dungeon.
             The game lasted 00:08:00 (5934 turns).

jasper the Scholar of Death (DsNe)                  Turns: 5934, Time: 00:08:01

Health: -8/46      AC:  4    Str:  8    XL:     7   Next: 10%
Magic:  10/10      EV: 12    Int: 19    God:    Kikubaaqudgha [*.....]
Gold:   239        SH:  0    Dex: 13    Spells: 3/10 levels left

rFire    . . .     SeeInvis +   d - +0 dagger
rCold    . . .     Faith    .   (no shield)
rNeg     . . .     Spirit   .   a - +0 robe
rPois    .         Reflect  .   (helmet restricted)
rElec    .         Harm     .   (no cloak)
rCorr    .         Rampage  .   (no gloves)
Will     .....                  (no boots)
Stlth    ++........             (no amulet)
HPRegen  0.15/turn              e - ring of see invisible
MPRegen  0.12/turn              (no ring)

@: no status effects
A: antennae 1, slimy green scales 1, ignite blood 1, demonic magic 1
a: Renounce Religion, Receive Corpses


You were on level 4 of the Dungeon.
You worshipped Kikubaaqudgha.
Kikubaaqudgha was aware of your devotion.
You visited 1 branch of the dungeon, and saw 5 of its levels.

You collected 239 gold pieces.

Inventory:

Hand Weapons
 d - a +0 dagger (weapon)
Missiles
 i - 11 boomerangs
Armour
 a - a +0 robe (worn)
 g - a +0 tower shield
Jewellery
 e - a ring of see invisible (left hand)
Wands
 j - a wand of polymorph (7)
Scrolls
 b - a scroll of noise {unknown}
 c - a scroll of enchant armour {unknown}
 f - a scroll of fear {unknown}
 k - 2 scrolls of identify {unknown}
 m - a scroll of amnesia
 n - a scroll of teleportation {unknown}
 p - a scroll of random uselessness {unknown}
 q - a scroll of blinking {unknown}
Potions
 h - 3 potions of lignification


   Skills:
 + Level 2.5 Short Blades
 - Level 1.7 Dodging
 + Level 3.3 Stealth
 + Level 2.1 Spellcasting
 * Level 8.1 Necromancy


You had 3 spell levels left.
You knew the following spells:

 Your Spells              Type           Power        Failure   Level
a - Pain                  Necr           100%         1%          1
b - Animate Skeleton      Necr           64%          1%          1
c - Vampiric Draining     Necr           16%          1%          3
d - Sublimation of Blood  Necr           16%          1%          2

Your spell library contained the following spells:

 Spells                   Type           Power        Failure   Level
 Animate Dead             Necr           16%          6%          4
 Agony                    Necr           32%          16%         5


Dungeon Overview and Level Annotations

Branches:
Dungeon (5/15)             Temple (0/1) D:4

Altars:
Hepliaklqana
Kikubaaqudgha
Trog
Uskayaw
Wu Jian
Zin

Annotations:
D:4 Dowan, Duvessa


Innate Abilities, Weirdness & Mutations

You have a pair of small antennae on your head.
You are partially covered in slimy green scales. (AC +2)
Your demonic aura sometimes causes spilled blood to erupt in flames Spells you cast may paralyse adjacent enemies.


Message History

You take 9 damage, and have 10/46 hp.
Okay, then.
The phantom hits you!
* * * LOW HITPOINT WARNING * * *
There is a stone staircase leading down, spattered with blood here.
You take 7 damage, and have 3/46 hp.
Okay, then.
Aiming: Polymorph
Press: ? - help, Shift-Dir - straight line, f - you
Okay, then.
Okay, then.
Okay, then.
Okay, then.
Casting: Pain (safe; 1% risk of failure)
Confirm with . or Enter, or press ? or * to list all spells.
Okay, then.
A jackal comes into view.
A worker ant, 2 orcs and an orc priest come into view.
The jackal barks!
You hear a shout!
A jackal comes into view.
An orc priest comes into view.
An iguana comes into view.
Duvessa, Sister of Dowan comes into view.
She is wielding a +0 short sword and carrying a wand of flame (18).
Found a stone staircase leading down.
The jackal barks!
The worker ant misses you.
An orc wizard comes into view. It is wielding a +0 dagger.
Dowan, Brother of Duvessa comes into view.
He is wielding a +0 dagger.
Dowan shouts!
The orc shouts!
The worker ant closely misses you.
Dowan points at you and mumbles some strange words.
The puff of flame hits you.
* * * LOW HITPOINT WARNING * * *
You hear an angry hiss.
You take 4 damage, and have 1/46 hp.
Duvessa shouts!
You hear a shout! x2
Duvessa says, "My weaknesses are his strengths!"
The orc priest mumbles some strange prayers to Beogh against you.
Beogh smites you!
You die...
Kikubaaqudgha rasps: "You have failed me!
Welcome... death!"

.............> #..
........o.o....# ##..
...............# #...
..........o...#######...
........................
........o.h.#####....#..
.......e...## ##......#.
.......ehW## ##........#
.......@B## ##..........
.......### ##...........
#.....# #.......$....
#....# ##..>.........
##### ##.............
#..............
##............. #######
##...........# #.....#
##..........


You could see Duvessa, a phantom, Dowan, a worker ant, 2 orc priests, 2 orcs and
2 jackals.

Vanquished Creatures
  Menkaure (D:4)
  An ogre (D:4)
  A scorpion (D:4)
  A howler monkey (D:5)
  A hound (D:4)
  A bullfrog skeleton (D:4)
  2 iguanas
  A worker ant (D:4)
  A gnoll (D:4)
  3 adders
  A white imp (D:5)
  2 oozes
  An adder zombie (D:5)
  5 worms
  A dart slug (D:3)
  4 leopard geckos
  5 orcs
  2 ball pythons (D:1)
  7 bats
  10 giant cockroaches
  5 goblins
  4 hobgoblins
  4 jackals (D:2)
  6 quokkas
  2 frilled lizards
  A giant cockroach zombie (D:5)
  A jackal skeleton (D:4)
  9 kobolds
  6 rats
89 creatures vanquished.

Notes
Turn   | Place    | Note
-------+----------+-------------------------------------------
     0 | D:1      | jasper the Demonspawn Necromancer began the quest for the
                  | Orb.
     0 | D:1      | Reached XP level 1. HP: 13/13 MP: 3/3
   233 | D:1      | Reached skill level 5 in Necromancy
   233 | D:1      | Gained mutation: Spells you cast may paralyse adjacent
                  | enemies. [demonic ancestry]
   233 | D:1      | Reached XP level 2. HP: 10/19 MP: 0/5
  1219 | D:1      | Reached XP level 3. HP: 18/24 MP: 2/6
  1873 | D:2      | Found a hazy altar of Hepliaklqana.
  1873 | D:2      | Found an ancient bone altar of Kikubaaqudgha.
  1917 | D:2      | Became a worshipper of Kikubaaqudgha
  1955 | D:2      | Found a glowing silver altar of Zin.
  2339 | D:2      | Reached skill level 6 in Necromancy
  2883 | D:2      | Gained mutation: You are partially covered in slimy green
                  | scales. (AC +2) [demonic ancestry]
  2883 | D:2      | Reached XP level 4. HP: 25/30 MP: 3/7
  3029 | D:3      | Found a bloodstained altar of Trog.
  3239 | D:3      | Learned a level 1 spell: Animate Skeleton
  3248 | D:3      | Learned a level 3 spell: Vampiric Draining
  3397 | D:3      | Reached * piety under Kikubaaqudgha
  3397 | D:3      | Identified Kikubaaqudgha's Incunabulum of Sinister Arts
                  | (Kikubaaqudgha gifted it to you on level 3 of the Dungeon)
  3397 | D:3      | Received a gift from Kikubaaqudgha
  3402 | D:3      | Learned a level 2 spell: Sublimation of Blood
  4116 | D:4      | Reached skill level 1 in Short Blades
  4116 | D:4      | Gained mutation: Your demonic aura sometimes causes spilled
                  | blood to erupt in flames [demonic ancestry]
  4116 | D:4      | Reached XP level 5. HP: 28/35 MP: 0/8
  4215 | D:4      | Found a staircase to the Ecumenical Temple.
  4222 | D:4      | Reached skill level 7 in Necromancy
  4575 | D:4      | Noticed Menkaure
  4807 | D:4      | Killed Menkaure
  4808 | D:4      | Reached XP level 6. HP: 4/41 MP: 4/9
  5185 | D:4      | Found an ornate altar of the Wu Jian Council.
  5187 | D:4      | Found a hide-covered altar of Uskayaw.
  5650 | D:5      | Entered Level 5 of the Dungeon
  5671 | D:5      | Reached skill level 8 in Necromancy
  5701 | D:5      | Gained mutation: You have a pair of small antennae on your
                  | head. [demonic ancestry]
  5701 | D:5      | Reached XP level 7. HP: 39/46 MP: 7/10
  5928 | D:4      | Noticed Duvessa
  5930 | D:4      | Noticed Dowan
  5930 | D:4      | HP: 1/46 [Dowan/puff of flame (4)]
  5934 | D:4      | Killed from afar by an orc priest

Illustrated notes

Levels and vault maps discovered:
D:1:      minmay_arrival_glassed_features, layout_basic
D:2:      layout_loops_cross, gammafunk_temple_overflow_elements,
          general_overflow_altar
D:3:      layout_loops_ring, trog_butcher_becter
D:4:      layout_cave_pods, chequers_temple_overflow_statue_of_worship,
          minmay_temple_entry_drinking_statues, serial_shops, shop_scrolls,
          minmay_surrounded, uniq_menkaure, uniq_duvessa
D:5:      layout_loops_ring, kennysheep_mini, elyvilon_altar_1,
          uniq_crazy_yiuf_cottage

Skill      XL: |  1  2  3  4  5  6 |
---------------+-------------------+-----
Necromancy     | 5 6 7 8 |  8.1
Stealth        | 2 3 |  3.3
Short Blades   | 1 2 |  2.5
Dodging        | |  1.7
Spellcasting   | |  2.1

Action                   |  1- 3 |  4- 6 |  7- 9 || total
-------------------------+-------+-------+-------++-------
Melee: Dagger            |    44 |    57 |    27 ||   128
 Cast: Pain              |    69 |    75 |     6 ||   150
       Animate Skeleton  |       |     6 |     1 ||     7
Invok: Receive Corpses   |       |     1 |       ||     1
  Use: Scroll            |     1 |       |       ||     1
       Potion            |       |     5 |     1 ||     6
 Stab: Sleeping          |     7 |     3 |       ||    10
       Paralysed         |    11 |    15 |     3 ||    29
Armor: Robe              |    13 |    11 |     1 ||    25
       Skin              |       |    22 |    19 ||    41
Dodge: Dodged            |    51 |    28 |    10 ||    89

Table legend: (Time is in decaauts)
 A = Elapsed time spent in this place.
 B = Non-inter-level travel time spent in this place.
 C = Inter-level travel time spent in this place.
 D = Time resting spent in this place.
 E = Time spent auto-exploring this place.
 F = Levels seen in this place.
 G = Mean time per level.
                   A        B        C        D        E       F      G
               +--------+--------+--------+--------+--------+-----+--------+
         Total |   5930 |   5797 |    133 |    785 |   4277 |   5 | 1186.0 |
       Dungeon |   5930 |   5797 |    133 |    785 |   4277 |   5 | 1186.0 |
               +--------+--------+--------+--------+--------+-----+--------+

Top non-repeatable levels by time:
     D:3: 1602 daAuts
     D:1: 1509 daAuts
     D:2: 1395 daAuts
     D:4: 1164 daAuts
     D:5: 258 daAuts
